 Dungeon Sprint DCSS version 0.24-a0-250-g6074511092 (webtiles) character file.

Game seed: 11187528273990553887

23 Redear the Chucker (level 3, -4/42 HPs)
             Began as an Ogre Hunter on Apr 15, 2019.
             Was a Priest of Cheibriados.
             Slain by Sigmund
             ... wielding a +0 scythe
              (13 damage)
             ... in the Dungeon (Sprint VII: "The Pits").
             The game lasted 00:01:31 (356 turns).

Redear the Chucker (Ogre Hunter)                     Turns: 356, Time: 00:01:31

Health: -4/42      AC:  3    Str: 24    XL:     3   Next: 0%
Magic:  3/3        EV: 11    Int: 21    God:    Cheibriados [***...]
Gold:   0          SH:  0    Dex: 17    Spells: 2/2 levels left

rFire    . . .     SeeInvis .   a - +0 short sword
rCold    . . .     Gourm    .   (no shield)
rNeg     . . .     Faith    .   b - +0 robe
rPois    .         Spirit   .   (helmet restricted)
rElec    .         Reflect  .   (no cloak)
rCorr    .         Harm     .   (gloves unavailable)
MR       .....     NoTele   +   (boots unavailable)
Stlth    ++........             (no amulet)
HPRegen  0.14/turn              (no ring)
MPRegen  0.08/turn              (no ring)

@: very slow
A: large, unfitting armour, tough skin 1
a: Bend Time, Temporal Distortion, Renounce Religion


You were in the Dungeon.
You worshipped Cheibriados.
Cheibriados was most pleased with you.
You were not hungry.

You visited 1 branch

Inventory:

Hand Weapons
 a - a +0 short sword (weapon)
 k - a +1 dagger of venom
Missiles
 c - 2 large rocks (quivered)
 l - 4 stones
 Z - a throwing net {+f}
Armour
 b - a +0 robe (worn)
Scrolls
 e - 5 scrolls of amnesia
 f - a scroll of summoning
 B - a scroll of blinking {@r4}
 N - 3 scrolls of remove curse
Potions
 d - 2 potions of invisibility
 g - 6 potions of heal wounds {@q1}
 i - 4 potions of magic
 j - 3 potions of berserk rage
 H - a potion of haste {@q5}
 Q - 6 potions of curing {@q2}
Comestibles
 h - 3 chunks of flesh
 z - 9 rations


   Skills:
 + Level 5.0 Fighting
 + Level 5.1 Throwing
 + Level 3.3 Dodging
 - Level 0.6 Stealth


You had 2 spell levels left.
You didn't know any spells.
Your spell library was empty.

Dungeon Overview and Level Annotations

Branches:
Dungeon (1/1)

Altars:
Ashenzari
Cheibriados
Dithmenos
Elyvilon
Fedhas
Gozag
Hepliaklqana
Kikubaaqudgha
Makhleb
Nemelex Xobeh
Okawaru
Qazlal
Ru
Sif Muna
Trog
Uskayaw
Vehumet
Wu Jian
Xom
Yredelemnul
Zin
The Shining One
Beogh
Jiyva
Lugonu

Annotations:
D Sigmund


Innate Abilities, Weirdness & Mutations

You are too large for most types of armour.
You have tough skin. (AC +1)


Message History

Aim: an ogre, wielding a +0 giant spiked club You throw a large rock.
The large rock hits the ogre!
The ogre is moderately wounded.
The ogre closely misses you. Something hits you.
You take 5 damage, and have 37/42 hp.
Throwing (i - inventory. (/) - cycle)
c - 4 large rocks (quivered)
Press: ? - help, Shift-Dir - straight line, f/p - ogre
Aim: an ogre, wielding a +0 giant spiked club (moderately wounded)
You throw a large rock. The large rock barely misses the ogre.
The ogre closely misses you. Something hits you!
You take 10 damage, and have 27/42 hp.
MASSIVE DAMAGE!!
Throwing (i - inventory. (/) - cycle)
c - 3 large rocks (quivered)
Press: ? - help, Shift-Dir - straight line, f/p - ogre
Aim: an ogre, wielding a +0 giant spiked club (moderately wounded)
You throw a large rock. The large rock hits the ogre.
The ogre is heavily wounded.
The ogre hits you with a +0 giant spiked club!!
* * * LOW HITPOINT WARNING * * *
Something hits you!
You die...

#_______...#######
##########'##.....
#.?(.')))'.##.....
##########.##.....
#...........'.....
#'#####'#####.....
#.#..#..#..##.....
#.#..'..'..#####'#
#@##)####'###.....
#O#.†......##.....
#(#........##.....
#.#####'#####...<.
#.#...).)[.##.....
#.#...)))[.##.....
#h###########.....
#.. ###### #...


You could see a warg and an ogre.

Vanquished Creatures
  An ufetubus (D)
  An ooze (D)
  An adder skeleton (D)
  3 ball pythons (D)
  A bat skeleton (D)
  A giant cockroach (D)
  A goblin (D)
  A hobgoblin (D)
  A kobold (D)
11 creatures vanquished.

Vanquished Creatures (others)
  An adder zombie (D)
1 creature vanquished.

Grand Total: 12 creatures vanquished

Notes
Turn   | Place    | Note
-------+----------+-------------------------------------------
     0 | D        | Redear the Ogre Hunter began the quest for the Orb.
     0 | D        | Reached XP level 1. HP: 22/22 MP: 1/1
    12 | D        | Reached skill level 3 in Fighting
    12 | D        | Reached skill level 2 in Dodging
    42 | D        | Found a bloodstained altar of Trog.
    42 | D        | Found a deep blue altar of Sif Muna.
    42 | D        | Found a viscous altar of Jiyva.
    42 | D        | Found a hazy altar of Hepliaklqana.
    42 | D        | Found an opulent altar of Gozag.
    43 | D        | Found a glowing golden altar of the Shining One.
    43 | D        | Found a glowing silver altar of Zin.
    43 | D        | Found a basalt altar of Yredelemnul.
    43 | D        | Found a shimmering altar of Xom.
    43 | D        | Found an ornate altar of the Wu Jian Council.
    43 | D        | Found a sacrificial altar of Ru.
    43 | D        | Found a stormy altar of Qazlal.
    43 | D        | Found an iron altar of Okawaru.
    43 | D        | Found a sparkling altar of Nemelex Xobeh.
    43 | D        | Found a burning altar of Makhleb.
    43 | D        | Found a blossoming altar of Fedhas.
    43 | D        | Found a white marble altar of Elyvilon.
    43 | D        | Found a shadowy altar of Dithmenos.
    43 | D        | Found a snail-covered altar of Cheibriados.
    46 | D        | Found a corrupted altar of Lugonu.
    46 | D        | Found a radiant altar of Vehumet.
    46 | D        | Found a roughly hewn altar of Beogh.
    47 | D        | Found an ancient bone altar of Kikubaaqudgha.
    47 | D        | Found a hide-covered altar of Uskayaw.
    47 | D        | Found a shattered altar of Ashenzari.
    56 | D        | Became a worshipper of Cheibriados the Contemplative
    81 | D        | Reached skill level 4 in Fighting
    81 | D        | Reached XP level 2. HP: 17/32 MP: 2/2
    82 | D        | Reached * piety under Cheibriados
   230 | D        | Reached ** piety under Cheibriados
   230 | D        | Reached skill level 3 in Dodging
   248 | D        | Reached skill level 5 in Throwing
   255 | D        | Reached *** piety under Cheibriados
   347 | D        | Noticed an ogre
   349 | D        | Noticed Sigmund
   349 | D        | Noticed a warg
   353 | D        | Reached skill level 5 in Fighting
   353 | D        | Reached XP level 3. HP: 42/42 MP: 3/3
   356 | D        | Slain by Sigmund

Levels and vault maps discovered:
D:        pitsprint [storerooms_1, entrance_room_1, metal_vault_5, armoury_2,
          mini_pit_1, grid_room_1, main_hall_1, silver_pit, the_coven_3,
          the_vestibule_1, steel_vault_1, golden_pit, hallway_of_sentries,
          crystal_vault_1, iron_vault_2, final_vault]

Skill      XL: |  1  2 |
---------------+-------+-----
Fighting       | 4 5 |  5.0
Dodging        | 2 3 |  3.3
Throwing       | 5 |  5.1
Stealth        | |  0.6

Action                   || total
-------------------------++-------
Melee: Short sword       ||     9
Throw: Large rock        ||    16
       Throwing net      ||     1
 Stab: Held in net/web   ||     1
Armor: Robe              ||     5
Dodge: Dodged            ||    11

Table legend:
 A = Non-vault XP
 B = Vault XP
 C = Vault XP percentage of total XP
 D = Non-vault monster count
 E = Vault monster count
 F = Vault count percentage of total count
                 A         B        C        D         E       F
            +---------+---------+-------+---------+---------+-------
      Total |       0 |      34 | 100.0 |       0 |      11 | 100.0
            +---------+---------+-------+---------+---------+-------
          D |       0 |      34 | 100.0 |       0 |      11 | 100.0
            +---------+---------+-------+---------+---------+-------
